AoeStats
← AiM | CanvaL

Arabia

509089666Analyzed
1v1 RM · 7d ago on Sep 25, 2026· 40m 10s· 2 players
Game mode
Random Map
Map size
Tiny (2 player)
Population
200
Speed
Normal
Resources
Standard
Victory
Conquest
Starting age
Dark Age
Ending age
Imperial Age
RankedLock teamsTeams togetherTeam positionsShared explorationLock speedFull tech treeHidden civsTurbo modeCheats
Victory
Defeat
🇨🇱 Mongols · Chile
1515
+15
🇻🇳 Danes · Vietnam
1490
-15
Learn2Play
6:45 Loom
8:54 Feudal Age
8:59 Man-at-Arms
9:25 Double-Bit Axe
17:33 Fletching
20:57 Scale Mail Armor
21:30 Forging
24:00 Castle Age
24:59 Chain Mail Armor
28:01 Gold Mining
28:31 Bow Saw
28:37 Squires
30:21 Padded Archer Armor
34:34 Bodkin Arrow
38:43 Elite Skirmisher
AiM | CanvaL
5:36 Loom
8:25 Feudal Age
9:31 Double-Bit Axe
17:41 Fletching
26:46 Castle Age
25:23 Padded Archer Armor
25:59 Bloodlines
25:52 Gold Mining
25:43 Horse Collar
27:31 Husbandry
27:31 Town Watch
28:21 Wheelbarrow
27:40 Town Watch
27:55 Bodkin Arrow
38:00 Scale Barding Armor
38:52 Stone Mining
39:21 Crossbowman
40:41 Chain Barding Armor
Connection lost

Rejoining the realm…

Still unreachable

The connection could not be restored.

Session expired

The server has moved on; the page needs a fresh start.